 Dungeon Crawl Stone Soup version 0.30.0-15-g856e2d3f33 (webtiles) character file.

Game seed: 14549249247392969493

198 qw the Chopper (level 5, -6/32 HPs)
             Began as a Gargoyle Fighter on May 20, 2023.
             Mangled by a gnoll
             ... wielding a +0 halberd
             ... led by a gnoll bouda
              (10 damage)
             ... on level 4 of the Dungeon.
             The game lasted 00:01:14 (2316 turns).

qw the Chopper (Gargoyle Fighter)                   Turns: 2316, Time: 00:01:15

Health: -6/32      AC: 10    Str: 22    XL:     5   Next: 76%
Magic:  0/5        EV: 10    Int:  8    God:
Gold:   118        SH:  4    Dex:  9    Spells: 4/4 levels left

rFire   . . .        Y - +1 war axe
rCold   + . .        c - +0 buckler
rNeg    + . .        j - +0 ring mail {rC+}
rPois   inf          (no helmet)
rElec   +            (no cloak)
rCorr   .            m - +0 pair of gloves
SInv    .            (no boots)
Will    .....        g - amulet of guardian spirit Stlth
                     (no ring)
HPRegen 0.25/turn    (no ring)
MPRegen 0.09/turn

%: guardian spirit
@: weakened
A: sickness immunity, AC +4, negative energy resistance 1, electricity
resistance, torment resistance 1, petrification resistance
a: no special abilities


You were on level 4 of the Dungeon.
You visited 1 branch of the dungeon, and saw 4 of its levels.

You collected 118 gold pieces.


Innate Abilities, Weirdness & Mutations

You are immune to sickness and miasma.
Your stone body is resilient. (AC +4)
You are immune to poison.
You resist negative energy. (rN+)
You are resistant to electric shocks. (rElec)
You are resistant to unholy torment.
You are immune to petrification.


   Skills:
 - Level 3.2 Fighting
 - Level 5.3 Axes
 - Level 3.2 Armour
 + Level 0.0 Dodging
 - Level 3.2 Shields


You had 4 spell levels left.
You didn't know any spells.
Your spell library was empty.

Inventory:

Hand Weapons
 i - a +0 flail
 Y - a +1 war axe (weapon)
Armour
 b - a +0 scale mail
 c - a +0 buckler (worn)
 j - a +0 ring mail of cold resistance (worn)
 m - a +0 pair of gloves (worn)
Jewellery
 g - an amulet of guardian spirit (around neck)
Scrolls
 a - a scroll of identify
Potions
 d - a potion of might
 k - a potion of attraction
 n - a potion of curing

Dungeon Overview and Level Annotations

Branches:
Dungeon (4/15)
 Temple: D:4-7

Altars:
Wu Jian

Shops:
D:1 *

Annotations:
D:2 1 runed translucent door, Crazy Yiuf


Message History

The phantom hits you but does no damage.
The gnoll bouda gazes fiercely through you!
You feel your attacks grow feeble.
You closely miss the phantom.
The phantom is moderately damaged.
You hit the gnoll bouda. You hit the gnoll. You closely miss the gnoll.
You block the gnoll's attack. The phantom hits you.
An endoplasm comes into view.
The gnoll closely misses you.
You hit the gnoll.
The gnoll is severely wounded.
You barely miss the gnoll. You barely miss the gnoll bouda.
You slash the phantom! You closely miss the gnoll.
The gnoll hits you but does no damage.
The phantom hits you but does no damage.
The gnoll bouda closely misses you. The gnoll closely misses you.
The gnoll hits you but does no damage. The gnoll hits you with a +0 flail.
The gnoll barely misses you.
The phantom hits you but does no damage.
You closely miss the phantom.
The phantom is severely damaged.
You barely miss the gnoll bouda. You hit the gnoll but do no damage. x2
You barely miss the gnoll. The gnoll barely misses you.
The gnoll hits you but does no damage. The gnoll hits you with a +0 flail.
The gnoll hits you but does no damage. The phantom closely misses you.
An endoplasm comes into view.
The gnoll bouda hits you with a +0 whip.
You miss the phantom.
The phantom is severely damaged.
You barely miss the gnoll.
The endoplasm quivers.
You hit the gnoll. You closely miss the gnoll. You hit the gnoll.
You hit the gnoll bouda. The gnoll barely misses you.
You block the gnoll's attack. The gnoll closely misses you.
The gnoll hits you but does no damage. The gnoll hits you with a +0 flail.
You block the phantom's attack.
The gnoll bouda hits you with a +0 whip.
The gnoll hits you from afar with a +0 halberd!
You die...

. .. ### ## .. ###.#
#..#####.## ....###
..#....<.#. ......#####
##..W....J.
...#%.....####.g@gO.....
..##........#..ggg.....#
.##..#...##......g....##
###............J.......#
#.......$.......####..
#........##.......# .
#....##.?##..........
.....##..###....###.##
..... .... #...## ..


You could see an ogre, a phantom, a gnoll bouda, 5 gnolls and 2 endoplasms.

Vanquished Creatures
  An ogre (D:4)
  3 adders
  3 gnolls (D:3)
  3 dart slugs
  4 ball pythons
  2 endoplasms
  3 giant cockroaches
  8 goblins
  4 hobgoblins
  4 jackals (D:1)
  4 kobolds
  A quokka (D:1)
  5 bats
  9 frilled lizards
  4 rats
58 creatures vanquished.

Notes
Turn   | Place    | Note
-------+----------+-------------------------------------------
     0 | D:1      | qw the Gargoyle Fighter began the quest for the Orb.
     0 | D:1      | Reached XP level 1. HP: 14/14 MP: 1/1
     0 | D:1      | 0 ||| qw: Version: 0.2-a-97-g6b18286
     0 | D:1      | 0 ||| qw: Game counter: 23
     0 | D:1      | 0 ||| qw: Always use a shield: true
     0 | D:1      | 0 ||| qw: God list: Okawaru
     0 | D:1      | 0 ||| qw: Allow faded altars: false
     0 | D:1      | 0 ||| qw: Do Orc after D:15 true
     0 | D:1      | 0 ||| qw: Do second Lair branch before Depths: true
     0 | D:1      | 0 ||| qw: Lair rune preference: random
     0 | D:1      | 0 ||| qw: Plans: Normal, Zot:1-4, God:TSO, Crypt, Tomb,
                  | Pan, Slime:5, Hells, Abyss, Win
     0 | D:1      | 0 ||| PLANNING D:1-11
     4 | D:1      | Found Cisont's General Store.
    43 | D:1      | Reached skill level 2 in Axes
   174 | D:1      | 174 ||| Stepping ~*~*~tactically~*~*~ (stealth).
   175 | D:1      | 175 ||| Stepping ~*~*~tactically~*~*~ (stealth).
   181 | D:1      | Reached XP level 2. HP: 19/19 MP: 2/2
   361 | D:1      | Reached skill level 3 in Axes
   449 | D:1      | Reached XP level 3. HP: 23/23 MP: 3/3
   563 | D:1      | 563 ||| DROPPING +0 club.
   565 | D:1      | 565 ||| SHOPLISTING +0 plate armour (276 gold, have 56).
   565 | D:1      | 565 ||| SHOPLISTING ring of protection from fire (300 gold,
                  | have 56).
   565 | D:1      | 565 ||| SHOPLISTING scroll of enchant weapon (90 gold, have
                  | 56).
   565 | D:1      | 565 ||| UPGRADING to +0 ring mail of cold resistance.
   575 | D:1      | 575 ||| UPGRADING to +0 pair of gloves.
   580 | D:1      | 580 ||| READING scroll labelled GODWUCZ ZIRIFF.
   581 | D:1      | 581 ||| READING scroll labelled MOLYWN VUNOYXT.
   582 | D:1      | 582 ||| READING scroll labelled EGIRCHU HEFAJ.
   583 | D:1      | 583 ||| READING scroll labelled SYHELOGHEX.
   587 | D:1      | 587 ||| READING scroll labelled XADULUSAAFU.
   588 | D:1      | 588 ||| DRINKING 2 sedimented emerald potions.
   608 | D:2      | Identified the +4 dagger of the Desolation of Salt {vamp,
                  | rF+++ rN+++ Str-4 Dex-4}
   821 | D:2      | Found an ornate altar of the Wu Jian Council.
   990 | D:2      | 990 ||| Stepping ~*~*~tactically~*~*~ (hiding).
  1249 | D:2      | Reached XP level 4. HP: 26/28 MP: 4/4
  1412 | D:2      | Found a runed translucent door.
  1413 | D:2      | Noticed Crazy Yiuf
  1722 | D:2      | 1722 ||| READING scroll labelled RIOSSUKENO.
  1723 | D:2      | 1723 ||| READING scroll labelled KUSKODW HUSHRYCK.
  1788 | D:3      | Reached skill level 4 in Axes
  1881 | D:3      | 1881 ||| Stepping ~*~*~tactically~*~*~ (stealth).
  1916 | D:3      | 1916 ||| DROPPING +0 whip.
  2054 | D:3      | 2054 ||| Stepping ~*~*~tactically~*~*~ (stealth).
  2061 | D:3      | Reached XP level 5. HP: 32/32 MP: 5/5
  2129 | D:3      | Found a faded altar of an unknown god.
  2239 | D:3      | 2239 ||| UPGRADING to amulet of guardian spirit.
  2244 | D:3      | 2244 ||| READING 5 scrolls of identify.
  2244 | D:3      | 2244 ||| IDENTIFYING purple potion
  2245 | D:3      | 2245 ||| READING 4 scrolls of identify.
  2245 | D:3      | 2245 ||| IDENTIFYING viscous cyan potion
  2246 | D:3      | 2246 ||| READING 3 scrolls of identify.
  2246 | D:3      | 2246 ||| IDENTIFYING bubbling inky potion
  2247 | D:3      | 2247 ||| READING 2 scrolls of identify.
  2247 | D:3      | 2247 ||| IDENTIFYING emerald potion
  2248 | D:3      | 2248 ||| DROPPING potion of brilliance.
  2249 | D:3      | 2249 ||| DROPPING potion of flight.
  2250 | D:3      | 2250 ||| DROPPING potion of berserk rage.
  2273 | D:4      | Noticed an ogre
  2274 | D:4      | Noticed a phantom
  2275 | D:4      | 2275 ||| Stepping ~*~*~tactically~*~*~ (stealth).
  2282 | D:4      | Killed an ogre
  2283 | D:4      | Reached skill level 5 in Axes
  2286 | D:4      | 2286 ||| Stepping ~*~*~tactically~*~*~ (stealth).
  2287 | D:4      | 2287 ||| Stepping ~*~*~tactically~*~*~ (stealth).
  2309 | D:4      | Noticed an ogre
  2316 | D:4      | HP: 5/32 [gnoll/+0 flail[a gnoll bouda] (4)]
  2316 | D:4      | Mangled by a gnoll

Levels and vault maps discovered:
D:1:      dpeg_arrival_pits, layout_rooms, serial_shops,
          nicolae_shop_tiny_waterfront, wander_ebering_terrifying_dragon_lair
D:2:      layout_loops_corners, basic_altar, uniq_crazy_yiuf_cottage
D:3:      layout_rooms, shapermc_ecumenical_altar_flowoftime
D:4:      layout_cave_pools, lemuel_crystal_altar, minmay_temple_entry_junction,
          ebering_ghost_inner_flame

Skill      XL: |  1  2  3  4  5 |
---------------+----------------+-----
Axes           | 2 3 4 5 |  5.3
Fighting       | |  3.2
Armour         | |  3.2
Shields        | |  3.2

Action                     |  1- 3 |  4- 6 || total
---------------------------+-------+-------++-------
  Melee: War axe           |   125 |    62 ||   187
    Use: Scroll            |     5 |     6 ||    11
         Potion            |     1 |       ||     1
 Armour: Scale mail        |    34 |       ||    34
         Ring mail         |    24 |    23 ||    47
  Dodge: Dodged            |    75 |    27 ||   102
  Block: Buckler           |    24 |    14 ||    38

Table legend:
 A = Non-vault XP
 B = Vault XP
 C = Vault XP percentage of total XP
 D = Non-vault monster count
 E = Vault monster count
 F = Vault count percentage of total count
                 A         B        C        D         E       F
            +---------+---------+-------+---------+---------+-------
      Total |     282 |       1 |   0.4 |      57 |       1 |   1.7
            +---------+---------+-------+---------+---------+-------
        D:1 |      37 |       1 |   2.6 |      22 |       1 |   4.3
        D:2 |      53 |       0 |   0.0 |      18 |       0 |   0.0
        D:3 |      77 |       0 |   0.0 |      15 |       0 |   0.0
        D:4 |     115 |       0 |   0.0 |       2 |       0 |   0.0
            +---------+---------+-------+---------+---------+-------
